 Dungeon Crawl Stone Soup version 0.16-a0-3105-gd90c058 (webtiles) character file.

72 Chiseanne the Skirmisher (level 4, -1/38 HPs)
             Began as a Demonspawn Wanderer on Dec 12, 2014.
             Was an Initiate of Ru.
             Slain by an ogre
             ... wielding a +0 giant spiked club
              (24 damage)
             ... on level 3 of the Dungeon.
             The game lasted 00:04:25 (1801 turns).

Chiseanne the Skirmisher (Demonspawn Wanderer)      Turns: 1801, Time: 00:04:25

Health: -1/38      AC:  6    Str: 12    XL:     4   Next: 6%
Magic:  4/4        EV: 10    Int: 14    God:    Ru [......]
Gold:   139        SH:  0    Dex: 13    Spells: 0 memorised, 3 levels left

rFire  . . .     SeeInvis .     a - +2 hand axe
rCold  . . .     Clarity  .     b - +0 ring mail
rNeg   . . .     SustAb   .     (no shield)
rPois  .         Gourm    .     (no helmet)
rElec  .         Spirit   .     n - +0 cloak
rCorr  .         Warding  .     (no gloves)
rMut   .         Stasis   .     (no boots)
MR     .....                    (no amulet)
Stlth  +.........               (no ring)
                                (no ring)

@: not resistant to hostile enchantments, very unstealthy
A: foul stench 2, rot immunity
a: Renounce Religion


You were on level 3 of the Dungeon.
You worshipped Ru.
Ru was noncommittal.
You were not hungry.

You visited 1 branch of the dungeon, and saw 3 of its levels.

You collected 139 gold pieces.

Inventory:

Hand weapons
 a - a +2 hand axe (weapon)
 f - a +2 spear of freezing
Missiles
 e - 5 steel javelins (quivered)
 g - 104 stones
 k - 5 tomahawks
 o - 7 arrows of frost
 p - 6 bolts
 x - 18 sling bullets
 z - 18 poisoned needles
 A - 16 bolts of flame
 C - 22 exploding sling bullets
Armour
 b - a +0 ring mail (worn)
 n - a +0 cloak (worn)
Jewellery
 i - an uncursed amulet of guardian spirit {unknown}
 t - an uncursed amulet of warding {unknown}
Scrolls
 c - a scroll of teleportation
 v - 2 scrolls of identify
 w - a scroll of fear {unknown}
 y - a scroll of magic mapping {unknown}
Potions
 h - 2 potions of invisibility
 j - a potion of ambrosia {unknown}
 l - 4 potions of curing {unknown}
 m - a potion of haste {unknown}
 s - a potion of magic {unknown}
 u - 2 potions of might {unknown}
Comestibles
 d - a bread ration
 q - a slice of pizza
 r - 2 meat rations
 B - a chunk of flesh


   Skills:
 * Level 4.6 Fighting
 - Level 1.0 Axes
 - Level 1.0 Throwing
 * Level 3.3 Armour
 * Level 1.7 Dodging
 - Level 1.0 Stealth


You had 3 spell levels left.
You didn't know any spells.

Dungeon Overview and Level Annotations

Branches:
Dungeon (3/15)

Altars:
Elyvilon
Qazlal
Ru
The Shining One


Innate Abilities, Weirdness & Mutations

You radiate miasma.
You are immune to rotting.


Message History

The orc shouts!
The ogre shouts!
Found 12 gold pieces.
You hit the ogre.
The ogre is lightly wounded.
The ogre barely misses you.
You hit the ogre.
The ogre is lightly wounded.
The ogre misses you.
You hit the ogre but do no damage.
The ogre is lightly wounded.
The ogre hits you with a giant spiked club.
The ogre looks sick.
You slash the ogre!
The ogre is moderately wounded.
The ogre hits you with a giant spiked club!
You hit the ogre.
The ogre is heavily wounded.
The ogre hits you with a giant spiked club!!
Ouch! That really hurt!
You die...

. ... ....
####.o.$.
#o........ #O#
#@# #.# #.#
#.#
##.########
#.........#.
#.#.###.#.#.
#..........###
#.#.###.#....


You could see an ogre and an orc.

Vanquished Creatures
  2 adders (D:2)
  3 worms (D:2)
  3 giant geckos
  3 bats
  A giant cockroach (D:2)
  4 hobgoblins
  A jackal (D:3)
  5 kobolds
  A quokka (D:2)
  A ball python (D:1)
  5 giant newts
  4 goblins
  4 rats
37 creatures vanquished.

Vanquished Creatures (others)
  A kobold (D:2)
1 creature vanquished.

Grand Total: 38 creatures vanquished

Notes
Turn   | Place    | Note
--------------------------------------------------------------
     0 | D:1      | Chiseanne, the Demonspawn Wanderer, began the quest for the Orb.
     0 | D:1      | Chiseanne set off with: a +2 hand axe, a +0 ring mail, a scroll of teleportation, a bread ration
     0 | D:1      | Reached XP level 1. HP: 19/19 MP: 1/1
   561 | D:1      | Gained mutation: You are immune to rotting. [demonic ancestry]
   561 | D:1      | Reached XP level 2. HP: 25/25 MP: 2/2
   763 | D:2      | Reached skill level 1 in Dodging
   813 | D:2      | Gained mutation: You emit a foul stench. [demonic ancestry]
   813 | D:2      | Reached XP level 3. HP: 23/31 MP: 3/3
  1035 | D:2      | Found a glowing golden altar of the Shining One.
  1042 | D:2      | Found a sacrificial altar of Ru.
  1045 | D:2      | Found a white marble altar of Elyvilon.
  1051 | D:2      | Became a worshipper of Ru the Awakened
  1340 | D:2      | Found a stormy altar of Qazlal.
  1755 | D:3      | Gained mutation: You radiate miasma. [demonic ancestry]
  1755 | D:3      | Reached XP level 4. HP: 35/38 MP: 4/4
  1795 | D:3      | Noticed an ogre
  1801 | D:3      | Slain by an ogre

Action                   |  1- 3 |  4- 6 || total
-------------------------+-------+-------++-------
Melee: Hand axe          |   114 |    14 ||   128
  Use: Scroll            |     5 |       ||     5
  Eat: Chunk             |     2 |     1 ||     3
